 Dungeon Crawl Stone Soup version 0.29-a0-330-g52719c12eb (webtiles) character file.

Game seed: 16161078825637028009

243185 tilp the Spry (level 19, -6/144 HPs)
             Began as a Merfolk Gladiator on May 7, 2022.
             Was a High Priest of Hepliaklqana.
             Killed from afar by a crystal guardian (12 damage)
             ... with a crystal bolt
             ... led by a peacekeeper
             ... on level 1 of the Vaults on May 8, 2022.
             The game lasted 01:52:15 (54779 turns).

tilp the Spry (Merfolk Gladiator)                  Turns: 54779, Time: 01:52:16

Health: -6/144     AC: 27    Str: 24    XL:     19   Next: 41%
Magic:  0/28       EV: 18    Int:  9    God:    Hepliaklqana [*****.]
Gold:   1037       SH:  7    Dex: 16    Spells: 24/24 levels left

rFire   + . .      SeeInvis +   a - +4 trident (freeze)
rCold   . . .      Faith    .   K - +1 buckler {rC+}
rNeg    . . .      Spirit   +   y - +6 chain mail {Will+}
rPois   +          Reflect  .   c - +2 helmet
rElec   .          Harm     .   J - +2 cloak
rCorr   .          Rampage  .   P - +2 pair of gloves "Raxaul" {+Blink rC- Str+4 SInv}
Will    ++...                   (no boots)
Stlth   +++.......              l - amulet of guardian spirit
HPRegen 0.34/turn               e - ring of poison resistance
MPRegen 0.21/turn               B - ring "Ragarphu" {Wiz rF+ Slay+3 Stlth+}

@: studying Evocations
A: reduced essence, (nimble swimmer 2), mertail
}: 2/15 runes: decaying, serpentine
a: Renounce Religion, Evoke Blink, Recall Ancestor, Ancestor Identity,
Transference, Idealise


You were on level 1 of the Vaults.
You worshipped Hepliaklqana.
Hepliaklqana was extremely pleased with you.
You visited 6 branches of the dungeon, and saw 32 of its levels.
You also visited: Trove.

You collected 3490 gold pieces.
You spent 2453 gold pieces at shops.

Inventory:

Hand Weapons
 a - a +4 trident of freezing (weapon)
 b - a +2 glaive of flaming
Missiles
 d - 6 throwing nets
 i - 6 atropa-tipped darts
 q - 25 boomerangs
 v - 44 poisoned darts (quivered)
 F - 8 curare-tipped darts
 Z - 3 silver boomerangs
Armour
 c - a +2 helmet (worn)
 y - a +6 chain mail of willpower (worn)
 J - a +2 cloak (worn)
 K - a +1 buckler of cold resistance (worn)
 P - the +2 pair of gloves "Raxaul" (worn) {+Blink rC- Str+4 SInv}
   (You found it on level 4 of the Lair of Beasts)

   Str:       It affects your strength (+4).
   rC:        It makes you vulnerable to cold.
   SInv:      It lets you see invisible.
   +Blink:    It lets you blink.
Jewellery
 e - a ring of poison resistance (left hand)
 l - an amulet of guardian spirit (around neck)
 B - the ring "Ragarphu" (right hand) {Wiz rF+ Slay+3 Stlth+}
   (You bought it in a shop on level 2 of the Orcish Mines)

   [ring of wizardry]

   It improves your spell success rate.
   Slay:      It affects your accuracy & damage with ranged weapons and melee
   (+3).
   rF:        It protects you from fire.
   Stlth:     It makes you more stealthy.
 O - a ring of see invisible
Wands
 j - a wand of iceblast (26)
 o - a wand of acid (18)
 x - a wand of digging (17)
 C - a wand of flame (31)
 N - a wand of charming (31)
 R - a wand of polymorph (11)
 U - a wand of mindburst (2)
 W - a wand of paralysis (27)
Scrolls
 f - 2 scrolls of summoning
 m - 15 scrolls of teleportation
 H - 6 scrolls of fog
 I - 2 scrolls of holy word
 L - 4 scrolls of immolation
 M - 7 scrolls of blinking
 Q - 2 scrolls of magic mapping
 V - 4 scrolls of fear
Potions
 h - 5 potions of heal wounds
 k - 4 potions of curing
 s - 5 potions of resistance
 t - 2 potions of might
 u - 10 potions of ambrosia
 w - 3 potions of haste
 z - 5 potions of invisibility
 A - 3 potions of lignification
 D - 12 potions of mutation
 E - 7 potions of attraction
 G - 2 potions of flight
 X - 3 potions of berserk rage
 Y - a potion of cancellation
Miscellaneous
 g - a box of beasts
 n - a phial of floods
 p - a phantom mirror
 r - a tin of tremorstones (2/2)
 S - a lightning rod (4/4)
 T - a condenser vane


   Skills:
 + Level 17.1 Fighting
 - Level 14.0 Polearms
 - Level 10.0 Throwing
 - Level 10.0 Armour
 + Level 20.4 Dodging
 - Level 12.0 Stealth
 - Level 6.0 Shields
 - Level 3.0 Spellcasting
 - Level 12.0 Invocations
 - Level 15.0 Evocations


You had 24 spell levels left.
You didn't know any spells.
Your spell library contained the following spells:

 Spells                   Type           Power      Damage    Failure   Level
 Magic Dart               Conj           4%         1d3       58%         1
 Sandblast                Erth           2%         2d4       58%         1
 Slow                     Hex            4%         N/A       58%         1
 Sting                    Tmut/Pois      4%         1d3       58%         1
 Summon Small Mammal      Summ           4%         N/A       58%         1
 Call Imp                 Summ           1%         N/A       73%         2
 Corpse Rot               Necr/Air       2%         N/A       73%         2
 Passwall                 Tmut/Erth      0%         N/A       73%         2
 Poisonous Vapours        Pois/Air       2%         N/A       73%         2
 Sublimation of Blood     Necr           1%         N/A       73%         2
 Call Canine Familiar     Summ           1%         N/A       91%         3
 Confusing Touch          Hex            1%         N/A       91%         3
 Conjure Flame            Conj/Fire      1%         6-21      91%         3
 Ignite Poison            Fire/Tmut/Pois 1%         N/A       91%         3
 Mephitic Cloud           Conj/Pois/Air  1%         N/A       91%         3
 Ozocubu's Armour         Ice            1%         N/A       91%         3
 Stone Arrow              Conj/Erth      2%         3d7       91%         3
 Summon Guardian Golem    Hex/Summ       1%         N/A       91%         3
 Tukima's Dance           Hex            1%         N/A       91%         3
 Vampiric Draining        Necr           1%         2d6       91%         3
 Airstrike                Air            0%         N/A       100%        4
 Cause Fear               Hex            0%         N/A       100%        4
 Dispel Undead            Necr           1%         3d6       100%        4
 Olgreb's Toxic Radiance  Pois           1%         N/A       100%        4
 Passage of Golubria      Tloc           1%         N/A       100%        4
 Petrify                  Tmut/Erth      1%         N/A       100%        4
 Sticky Flame             Conj/Fire      1%         2d3       100%        4
 Summon Lightning Spire   Summ/Air       1%         N/A       100%        4
 Blade Hands              Tmut           0%         N/A       100%        5
 Irradiate                Conj/Tmut      0%         3d13      100%        5
 Lightning Bolt           Conj/Air       0%         1d11      100%        5
 Metabolic Englaciation   Hex/Ice        0%         N/A       100%        5
 Summon Forest            Summ/Tloc      0%         N/A       100%        5
 Summon Mana Viper        Hex/Summ       1%         N/A       100%        5
 Yara's Violent Unravell  Hex/Tmut       0%         3d3       100%        5
 Death Channel            Necr           0%         N/A       100%        6
 Statue Form              Tmut/Erth      0%         N/A       100%        6
 Summon Cactus Giant      Summ           0%         N/A       100%        6
 Dragon Form              Tmut           0%         N/A       100%        7
 Enfeeble                 Hex            0%         N/A       100%        7
 Ozocubu's Refrigeration  Ice            0%         4d5       100%        7
 Dragon's Call            Summ           0%         N/A       100%        9


Dungeon Overview and Level Annotations

Branches:
Dungeon (15/15)            Temple (0/1) D:5            Lair (6/6) D:8
  Swamp (4/4) Lair:2        Snake (4/4) Lair:4        Slime (0/5) Lair:6
    Orc (2/2) D:9             Elf (0/3) Orc:2        Vaults (1/5) D:13
 Depths (0/4) D:15

Altars:
Ashenzari
Dithmenos
Elyvilon
Fedhas
Gozag
Hepliaklqana
Kikubaaqudgha
Nemelex Xobeh
Qazlal
Ru
Trog
Vehumet
Wu Jian
Xom
Yredelemnul
Zin
The Shining One
Jiyva

Shops:
D:2 ::[?(   D:10 !   Orc:2 =*[(   Snake:1 !:!

Annotations:
Lair:6 1 runed translucent door (azure jellies)
Swamp:4 Mara
Snake:2 1 runed translucent door, Sinlucw's ghost, adept DsBe
Orc:2 2 transporters, jt's ghost, journeyman OpDe


Innate Abilities, Weirdness & Mutations

Your life essence is reduced to manifest your ancestor. (-10% HP)
((You are very nimble when in or above water. (Stealth+, EV+, Speed+++)))
Your lower body shifts to a powerful aquatic tail in water.


Message History

The crystal guardian completely resists.
Unknown command.
Reach: a) +4 trident (freeze)
Press: ? - help, Dir - move target, f/p - crystal guardian
Aim: a crystal guardian (moderately damaged, about 2% to evade your +4 trident of freezing)
You reach to attack!
You puncture the crystal guardian!
The crystal guardian is heavily damaged.
Unknown command.
Reach: a) +4 trident (freeze)
Press: ? - help, Dir - move target, f/p - crystal guardian
Aim: a crystal guardian (heavily damaged, about 2% to evade your +4 trident of freezing)
You reach to attack!
You hit the crystal guardian but do no damage.
The crystal guardian is heavily damaged.
Reach: a) +4 trident (freeze)
Press: ? - help, Dir - move target, f/p - crystal guardian
Aim: a crystal guardian (heavily damaged, about 2% to evade your +4 trident of freezing)
You hit the crystal guardian but do no damage.
The crystal guardian is heavily damaged.
Unknown command.
You hit the crystal guardian but do no damage.
The crystal guardian is heavily damaged.
The crystal guardian hits you.
* * * LOW HITPOINT WARNING * * *
Unknown command.
You hit the crystal guardian but do no damage.
The crystal guardian is heavily damaged.
The crystal guardian misses you.
You puncture the crystal guardian!
The crystal guardian is severely damaged.
You hit the crystal guardian.
The crystal guardian is severely damaged.
The crystal guardian hits you but does no damage.
You hit the crystal guardian but do no damage.
The crystal guardian is severely damaged.
The crystal guardian fires a crystalline bolt at you.
The crystal bolt burns you!! You resist.
* * * LOW HITPOINT WARNING * * *
The crystal bolt burns you! You resist.
You die...

#....... #....... #.......
#....... ########## #.......
#...##...# #....... #..####..#
######## #..'≈≈'..#
############## #..'≈R'..#
#...@#..#....# #..####..#
#...9#..#....######## #...##...#
#^...#..#....#....... ########'##
#....#..#....#....... # #......#
#####....#####..#....
######...####....).....9.'..##.#.
#..###..###.#............#..#....
....##..##..#####....#####.......
....)#......#....#..#....#.......


You could see a crystal guardian.

Vanquished Creatures
  A tentacled monstrosity (Swamp:4)
  Jorgrun (D:15)
  A sphinx (Vaults:1)
  A thorn hunter (Swamp:4)
  Kirke (D:14)
  3 fenstrider witches (Swamp:4)
  A tengu reaver (D:12)
  Donald (Swamp:4)
  A fire giant (D:12)
  An orc warlord (Vaults:1)
  2 vault wardens (Vaults:1)
  A ghoul (Swamp:2)
  2 ironbound preservers (Vaults:1)
  2 very ugly things (Vaults:1)
  2 ironbound thunderhulks (Vaults:1)
  A reaper (Swamp:4)
  An eleionoma (Swamp:3)
  4 bunyips
  A dire elephant (D:15)
  A blizzard demon (Swamp:4)
  A shambling mangrove (Swamp:4)
  A yaktaur captain (Vaults:1)
  A deep elf death mage (Vaults:1)
  Josephine (Lair:6)
  12 hydras
  A great orb of eyes (Vaults:1)
  12 naga warriors
  Harold (D:9)
  A ghost crab (Swamp:3)
  A spriggan air mage (Swamp:3)
  6 boulder beetles
  A salamander tyrant (Snake:4)
  A catoblepas (Lair:6)
  9 centaur warriors
  2 ogre magi (Swamp:4)
  11 anacondas
  3 two-headed ogres
  2 dancing weapons (D:13)
  7 alligators
  2 ironbound frosthearts (Vaults:1)
  A tengu warrior (D:10)
  6 death yaks (Lair:1)
  3 orc high priests (Orc:2)
  12 naga sharpshooters
  A soul eater (Swamp:4)
  4 shock serpents
  11 spriggans
  3 goliath frogs
  2 salamander mystics (Snake:4)
  4 spriggan druids
  A sea snake (Lair:6)
  6 swamp dragons
  Pikel (D:6)
  2 glowing orange brains (Vaults:1)
  2 harpies (Lair:6)
  3 wizards
  A bog body (Swamp:2)
  An ironbound convoker (Vaults:1)
  7 naga ritualists
  6 orc knights
  3 lindwurms (Snake:4)
  A wolf spider (D:15)
  A deep elf pyromancer (D:13)
  7 ugly things
  7 manticores
  A deep elf zephyrmancer (Swamp:4)
  An oklob plant (Lair:3)
  13 salamanders
  12 mana vipers
  5 orc sorcerers
  A will-o-the-wisp (Swamp:4)
  7 cyclopes
  8 guardian serpents
  30 black mambas
  A faun (shapeshifter) (D:12)
  The ghost of initializr the Skirmisher, a novice VSFi of Okawaru (D:5)
  Maurice (D:9)
  11 naga magi
  2 elephants
  2 torpor snails (Lair:6)
  9 cane toads
  A vault sentinel (Vaults:1)
  A freezing wraith (D:12)
  6 komodo dragons
  A hellwing (Swamp:4)
  An efreet (D:13)
  A yaktaur (Vaults:1)
  5 rime drakes
  3 trolls
  2 meliai (Lair:4)
  8 tyrant leeches
  A wind drake (Lair:6)
  A bloated husk (Swamp:1)
  6 polar bears
  7 hornets
  4 dream sheep
  6 blink frogs
  11 slime creatures
  2 shadows (D:10)
  A centaur simulacrum (D:15)
  A spriggan (shapeshifter) (D:10)
  A vampire (D:14)
  6 wraiths
  2 wyverns
  A yak (shapeshifter) (D:13)
  34 yaks
  A human (D:14)
  A chaos spawn (Swamp:4)
  A basilisk (D:14)
  3 steam dragons
  2 neqoxecs (Swamp:4)
  A warg (Orc:2)
  8 vampire mosquitoes
  11 swamp worms
  3 acid dragons
  36 nagas
  11 water moccasins
  A hexer (D:15)
  Duvessa (D:7)
  3 black bears
  26 orc warriors
  4 swamp drakes
  2 ogres (Orc:1)
  10 wolves
  4 boggarts
  A hornet zombie (D:7)
  14 centaurs
  14 bullfrogs
  2 necrophages (Swamp:2)
  2 gnoll sergeants
  4 wights
  Dowan (D:7)
  57 killer bees
  6 electric eels
  3 howler monkeys
  2 quasits (D:5)
  A bullfrog zombie (D:7)
  A gnoll shaman (D:10)
  19 orc priests
  Crazy Yiuf (D:7)
  3 hounds
  Ijyb (D:3)
  2 iguanas
  14 orc wizards
  15 gnolls
  7 adders
  A shadow imp (D:8)
  4 white imps
  2 dart slugs
  38 orcs
  3 endoplasms
  2 giant cockroaches
  5 goblins (D:1)
  6 hobgoblins
  4 jackals (D:1)
  14 kobolds
  2 quokkas
  4 ball pythons
  4 bats
  2 frilled lizards
  5 rats
  4 briar patches (Swamp:4)
818 creatures vanquished.

Vanquished Creatures (collateral kills)
  Mlioglotl (Snake:1)
  A nagaraja (Snake:4)
  3 fenstrider witches
  An orc warlord (Orc:2)
  A bunyip (Swamp:1)
  A dire elephant (Vaults:1)
  A shambling mangrove (Swamp:4)
  4 hydras
  A salamander tyrant (Snake:4)
  A naga warrior (Snake:3)
  A peacekeeper (Vaults:1)
  A rakshasa (D:15)
  An anaconda (Snake:4)
  A boulder beetle (D:13)
  A catoblepas (Lair:3)
  A spriggan air mage (Swamp:4)
  A centaur warrior (Vaults:1)
  A merfolk avatar (Lair:6)
  The ghost of Flippered the Geomancer, a novice HuWn of Elyvilon (D:7)
  An alligator (Swamp:4)
  2 shock serpents
  A spriggan berserker (Swamp:1)
  5 naga sharpshooters
  2 salamander mystics (Snake:4)
  2 swamp dragons
  A naga ritualist (Snake:4)
  2 bog bodies
  An ironbound convoker (Vaults:1)
  A deep elf pyromancer (D:14)
  5 orc knights
  5 mana vipers
  A cyclops (Orc:2)
  4 ugly things
  A manticore (D:14)
  3 salamanders
  11 black mambas
  2 elephants (Lair:5)
  3 naga magi
  3 guardian serpents
  A vault sentinel (Vaults:1)
  A gargoyle (D:10)
  5 cane toads
  7 komodo dragons
  A rime drake (Lair:5)
  A hellwing (Swamp:4)
  2 trolls (Orc:1)
  2 polar bears (Lair:4)
  5 hornets
  A meliai (Lair:4)
  A wolf spider simulacrum (D:14)
  3 blink frogs
  A dream sheep (Lair:6)
  Sigmund (D:4)
  3 spriggans
  A wyvern (Lair:6)
  A basilisk (Lair:1)
  11 yaks
  A wraith (D:14)
  A steam dragon (D:8)
  2 acid dragons
  9 nagas
  2 water moccasins
  A swamp drake (Swamp:1)
  An ice beast (D:7)
  7 orc warriors
  2 ogres
  8 wolves
  A boggart (D:15)
  2 centaurs
  A lemure (D:6)
  2 kobold brigands (D:7)
  4 wights
  12 killer bees
  A quasit (D:5)
  3 orc priests (Orc:2)
  2 hounds
  2 gnoll shamans
  4 orc wizards
  A gnoll (D:6)
  4 orcs
  3 kobolds (D:7)
204 creatures vanquished.

Vanquished Creatures (others)
  A goliath frog (Swamp:1)
  A bog body (Swamp:1)
  A cane toad (Lair:2)
  2 bloated husks
  A chaos spawn (Swamp:4)
  49 hexers
  An ancestor (D:5)
  A briar patch (Swamp:4)
  A bush (Lair:6)
  6 foxfires (Swamp:4)
  46 fungi
  107 plants
217 creatures vanquished.

Grand Total: 1239 creatures vanquished

Notes
Turn   | Place    | Note
-------+----------+-------------------------------------------
     0 | D:1      | tilp the Merfolk Gladiator began the quest for the Orb.
     0 | D:1      | Reached XP level 1. HP: 16/16 MP: 1/1
   274 | D:1      | Reached XP level 2. HP: 23/23 MP: 2/2
   755 | D:1      | Found a faded altar of an unknown god.
  1107 | D:2      | Found Rereyzi's Magic Scroll Boutique.
  1131 | D:2      | Bought a scroll of teleportation for 33 gold pieces
  1152 | D:2      | Reached XP level 3. HP: 29/29 MP: 3/3
  1168 | D:2      | Found Notyag's Weapon Shop.
  1232 | D:2      | Found Butiqy's Armour Shoppe.
  1263 | D:2      | Found Binkiomm's Book Shop.
  1378 | D:2      | Found a radiant altar of Vehumet.
  1399 | D:2      | Found Zaugikar's Book Boutique.
  1692 | D:2      | Reached skill level 5 in Polearms
  1921 | D:3      | Reached XP level 4. HP: 32/35 MP: 2/4
  2410 | D:3      | Noticed Ijyb
  2860 | D:3      | Reached XP level 5. HP: 39/42 MP: 5/5
  2882 | D:3      | Found a hazy altar of Hepliaklqana.
  2883 | D:3      | Found a shadowy altar of Dithmenos.
  2883 | D:3      | Noticed a shadow
  2889 | D:3      | Became a worshipper of Hepliaklqana the Forgotten
  3261 | D:4      | Noticed a centaur
  3265 | D:4      | Killed a centaur
  3332 | D:4      | Noticed a black bear
  3339 | D:4      | Killed a black bear
  3340 | D:4      | Reached XP level 6. HP: 28/48 MP: 3/6
  3561 | D:4      | Found a glowing golden altar of the Shining One.
  3561 | D:4      | Found a shimmering altar of Xom.
  3669 | D:4      | Found a sacrificial altar of Ru.
  3759 | D:4      | Reached * piety under Hepliaklqana
  4156 | D:4      | Noticed Sigmund
  4169 | D:4      | Killed Sigmund
  4170 | D:4      | Reached skill level 1 in Stealth
  4170 | D:4      | Reached XP level 7. HP: 42/49 MP: 5/7
  4576 | D:5      | Entered Level 5 of the Dungeon
  4698 | D:5      | Found a staircase to the Ecumenical Temple.
  4870 | D:5      | Noticed initializr's ghost (novice VSFi)
  4875 | D:5      | Noticed a hornet
  4877 | D:5      | Found a transporter.
  4882 | D:5      | Found a transporter.
  5256 | D:6      | Reached ** piety under Hepliaklqana
  5258 | D:6      | Remembered your ancestor Mira as a hexer
  5423 | D:6      | Noticed Pikel
  5440 | D:6      | Killed Pikel
  5441 | D:6      | Reached skill level 5 in Fighting
  5441 | D:6      | Reached skill level 10 in Polearms
  5441 | D:6      | Reached XP level 8. HP: 56/56 MP: 8/8
  5696 | D:6      | Found an ancient bone altar of Kikubaaqudgha.
  6310 | D:7      | Found a sparkling altar of Nemelex Xobeh.
  6321 | D:7      | Noticed Duvessa
  6324 | D:7      | Noticed Dowan
  6329 | D:7      | Killed Duvessa
  6339 | D:7      | Killed Dowan
  6383 | D:7      | Reached XP level 9. HP: 62/62 MP: 9/9
  6555 | D:7      | Reached skill level 1 in Invocations
  6558 | D:7      | Reached skill level 1 in Evocations
  6690 | D:7      | Found a white marble altar of Elyvilon.
  6800 | D:7      | Reached skill level 5 in Dodging
  6813 | D:7      | Found a runed translucent door.
  6814 | D:7      | Noticed Crazy Yiuf
  6905 | D:7      | Reached *** piety under Hepliaklqana
  6918 | D:7      | Found a runed translucent gate.
  6918 | D:7      | Found a runed translucent gate.
  6918 | D:7      | Found a runed translucent gate.
  6918 | D:7      | Noticed Flippered's ghost (novice HuWn)
  6920 | D:7      | Found a basalt altar of Yredelemnul.
  7035 | D:7      | Noticed a six-headed hydra
  7050 | D:7      | Killed a six-headed hydra
  7051 | D:7      | Reached skill level 6 in Dodging
  7442 | D:7      | Reached XP level 10. HP: 71/71 MP: 11/11
  7521 | D:7      | Noticed a cyclops
  7531 | D:7      | Killed a cyclops
  7807 | D:7      | Killed Crazy Yiuf
  7983 | D:2      | Bought a +3 chain mail of willpower for 344 gold pieces
  8229 | D:8      | Reached skill level 7 in Dodging
  8407 | D:8      | Found a blossoming altar of Fedhas.
  8410 | D:8      | Found a stormy altar of Qazlal.
  8531 | D:8      | Paralysed by a hornet for 2 turns
  8534 | D:8      | Reached skill level 8 in Dodging
  8868 | D:8      | Found a staircase to the Lair.
  9890 | D:9      | Found a staircase to the Orcish Mines.
  9913 | D:9      | Noticed Harold
  9931 | D:9      | Killed Harold
  9932 | D:9      | Reached skill level 1 in Armour
  9932 | D:9      | Reached skill level 1 in Shields
 10064 | D:9      | Reached XP level 11. HP: 77/77 MP: 13/13
 10346 | D:9      | Noticed Maurice
 10354 | D:9      | Killed Maurice
 10355 | D:9      | Reached skill level 5 in Stealth
 10427 | D:9      | Found a broken altar of Ashenzari.
 10541 | D:9      | Found a bloodstained altar of Trog.
 10892 | D:10     | Entered Level 10 of the Dungeon
 10956 | D:10     | Reached skill level 5 in Throwing
 11077 | D:10     | Reached **** piety under Hepliaklqana
 11113 | D:10     | Noticed an orc knight
 11113 | D:10     | Noticed a centaur warrior
 11113 | D:10     | Noticed a boulder beetle
 11125 | D:10     | Killed a centaur warrior
 11126 | D:10     | Reached skill level 9 in Dodging
 11151 | D:10     | Killed an orc knight
 11152 | D:10     | Reached skill level 5 in Evocations
 11332 | D:10     | Found an ornate altar of the Wu Jian Council.
 11433 | D:10     | Found an opulent altar of Gozag.
 11495 | D:10     | Found Efrytael's Distillery.
 11527 | D:10     | Noticed a five-headed hydra
 11547 | D:10     | Killed a five-headed hydra
 11663 | D:10     | Noticed a tengu warrior
 11673 | D:10     | Killed a tengu warrior
 11922 | D:10     | Killed a boulder beetle
 11923 | D:10     | Reached XP level 12. HP: 34/85 MP: 8/15
 12676 | D:10     | Found a glowing silver altar of Zin.
 12714 | D:10     | Reached skill level 10 in Dodging
 12718 | D:10     | Paralysed by a hornet for 3 turns
 13289 | D:10     | Bought a potion of flight for 33 gold pieces
 13289 | D:10     | Bought a potion of curing for 33 gold pieces
 13289 | D:10     | Bought a potion of haste for 110 gold pieces
 13289 | D:10     | Bought a potion of heal wounds for 55 gold pieces
 13463 | D:2      | Bought a scroll of enchant armour for 82 gold pieces
 13463 | D:2      | Bought a scroll of identify for 22 gold pieces
 13463 | D:2      | Bought a scroll of teleportation for 33 gold pieces
 13862 | D:11     | Noticed a boulder beetle
 13866 | D:11     | Killed a boulder beetle
 14005 | D:11     | Noticed a boulder beetle
 14027 | D:11     | Killed a boulder beetle
 14052 | D:11     | Reached skill level 10 in Fighting
 14796 | D:3      | Killed Ijyb
 14942 | D:3      | Found a hazy altar of Hepliaklqana.
 14943 | D:3      | Found a shadowy altar of Dithmenos.
 15430 | D:5      | Killed initializr's ghost
 15635 | D:7      | Killed Flippered's ghost
 15695 | Lair:1   | Entered Level 1 of the Lair of Beasts
 16192 | Lair:1   | Reached XP level 13. HP: 93/93 MP: 16/16
 16255 | Lair:1   | Reached skill level 5 in Invocations
 16342 | Lair:1   | Reached skill level 5 in Shields
 16509 | Lair:1   | Reached skill level 11 in Dodging
 16904 | Lair:2   | Reached skill level 5 in Armour
 17054 | Lair:2   | Reached ***** piety under Hepliaklqana
 18188 | Lair:2   | Found a staircase to the Swamp.
 18641 | Lair:3   | Got Jyseotz's Early Guide to the Arcane Arts
 20052 | Lair:4   | Reached skill level 10 in Stealth
 20282 | Lair:4   | Reached XP level 14. HP: 101/101 MP: 19/19
 20666 | Lair:4   | Found a staircase to the Snake Pit.
 20676 | Lair:4   | Reached skill level 12 in Dodging
 20696 | Lair:4   | Identified the +2 pair of gloves "Raxaul" {+Blink rC- Str+4
                  | SInv}
 22084 | Lair:5   | You fall into a shaft and drop 1 floor!
 22084 | Lair:6   | Entered Level 6 of the Lair of Beasts
 22106 | Lair:6   | Reached skill level 13 in Dodging
 22406 | Lair:6   | Reached ****** piety under Hepliaklqana
 22671 | Lair:6   | Reached skill level 14 in Dodging
 22880 | Lair:6   | Found a runed translucent door.
 22881 | Lair:6   | Found a viscous altar of Jiyva.
 22881 | Lair:6   | Noticed an azure jelly
 22883 | Lair:6   | Noticed an azure jelly
 23085 | Lair:6   | Identified the +2 flail "Jellybane" {drain, Dex+8}
 23085 | Lair:6   | Noticed Josephine
 23433 | Lair:6   | Killed Josephine
 23434 | Lair:6   | Reached skill level 15 in Dodging
 24104 | Lair:6   | Noticed Sonja
 24113 | Lair:6   | Noticed Sonja
 24113 | Lair:6   | Sonja changed into Sonja the iguana
 24118 | Lair:6   | Killed Sonja the iguana
 24197 | Lair:6   | Identified the +10 rapier of Distraction {freeze, rC+}
 24501 | Lair:6   | Found a staircase to the Slime Pits.
 24501 | Lair:6   | Noticed an azure jelly
 24750 | Orc:1    | Entered Level 1 of the Orcish Mines
 24750 | Orc:1    | Found a shimmering altar of Xom.
 24758 | Orc:1    | Reached XP level 15. HP: 91/108 MP: 16/21
 25126 | Orc:2    | Entered Level 2 of the Orcish Mines
 25515 | Orc:2    | Noticed jt's ghost (journeyman OpDe)
 25522 | Orc:2    | Identified the +0 plate armour of Siot {Will+ Int+3}
 25522 | Orc:2    | Identified the amulet of Totu Jie {Acrobat rC+ Str-4 Int+4}
 25540 | Orc:2    | Found a transporter.
 25547 | Orc:2    | Found a transporter.
 25734 | Orc:2    | Found a staircase to the Elven Halls.
 26241 | Orc:2    | Noticed an orc warlord
 26274 | Orc:2    | Killed an orc warlord
 27346 | Orc:2    | Found Qentodd's General Store.
 27347 | Orc:2    | Found Hicifede's Jewellery Shoppe.
 27349 | Orc:2    | Found Maucyplo's Antique Armour Emporium.
 27349 | Orc:2    | Found Seecad's Antique Weapon Emporium.
 27364 | Orc:2    | Bought a scroll of magic mapping for 49 gold pieces
 27417 | Orc:2    | Bought a ring of poison resistance for 300 gold pieces
 27417 | Orc:2    | Bought the ring "Ragarphu" {Wiz rF+ Slay+3 Stlth+} for 891
                  | gold pieces
 27417 | Orc:2    | Bought a ring of see invisible for 225 gold pieces
 27418 | Orc:2    | Bought a scroll of teleportation for 42 gold pieces
 27530 | D:12     | Noticed a tengu reaver
 27698 | D:12     | Found a portal to a secret trove of treasure.
 28185 | D:13     | Reached skill level 1 in Spellcasting
 28577 | D:13     | Found a gate to the Vaults.
 29666 | D:14     | Noticed Kirke
 29677 | D:14     | Killed Kirke
 29695 | D:14     | Found a shadowy altar of Dithmenos.
 29864 | D:14     | Reached skill level 16 in Dodging
 30249 | D:15     | Entered Level 15 of the Dungeon
 30375 | D:15     | Noticed Jorgrun
 30397 | D:15     | Killed Jorgrun
 30478 | D:15     | Found a staircase to the Depths.
 30726 | D:15     | Reached XP level 16. HP: 100/117 MP: 17/23
 31147 | D:15     | Found a stormy altar of Qazlal.
 31334 | D:15     | Reached skill level 10 in Invocations
 32206 | Snake:1  | Entered Level 1 of the Snake Pit
 32673 | Snake:1  | Noticed Mlioglotl
 35201 | Snake:1  | Found Zoate's Distillery.
 35203 | Snake:1  | Found Jauxugro's Book Shop.
 35205 | Snake:1  | Found Upoyt's Distillery.
 35209 | Snake:1  | Bought a potion of curing for 51 gold pieces
 35209 | Snake:1  | Bought a potion of curing for 51 gold pieces
 35213 | Snake:1  | Bought a potion of curing for 33 gold pieces
 35213 | Snake:1  | Bought a potion of curing for 33 gold pieces
 35213 | Snake:1  | Bought a potion of curing for 33 gold pieces
 35457 | D:12     | You paid a toll of 16 potions of curing to enter a treasure
                  | trove
 35458 | Trove    | Entered a treasure trove
 35661 | Swamp:1  | Entered Level 1 of the Swamp
 36014 | Swamp:1  | Reached skill level 17 in Dodging
 36619 | Swamp:2  | You fall into a shaft and drop 1 floor!
 37709 | Swamp:2  | Identified the +1 ring mail of Giestroga {Fly MP-9 Int+2}
 37920 | Swamp:2  | Reached XP level 17. HP: 125/125 MP: 24/24
 38837 | Swamp:3  | Reached skill level 10 in Evocations
 39558 | Snake:1  | Reached skill level 10 in Throwing
 39993 | Snake:1  | Killed Mlioglotl
 40856 | Snake:2  | Reached skill level 18 in Dodging
 41413 | Snake:2  | Found a runed translucent door.
 41413 | Snake:2  | Noticed Sinlucw's ghost (adept DsBe)
 41479 | Snake:2  | Reached skill level 15 in Fighting
 45798 | Swamp:4  | Entered Level 4 of the Swamp
 45882 | Swamp:4  | Noticed Mara
 46073 | Swamp:4  | Noticed Donald
 46255 | Swamp:4  | Killed Donald
 46256 | Swamp:4  | Reached XP level 18. HP: 134/134 MP: 18/26
 47172 | Swamp:4  | Noticed tilp's illusion
 48106 | Swamp:4  | Paralysed by a fenstrider witch for 2 turns
 48407 | Swamp:4  | Noticed a tentacled monstrosity
 48417 | Swamp:4  | Killed a tentacled monstrosity
 48493 | Swamp:4  | Got a decaying rune of Zot
 48798 | Snake:4  | Entered Level 4 of the Snake Pit
 49039 | Snake:4  | Reached skill level 19 in Dodging
 52463 | Snake:4  | Reached XP level 19. HP: 109/143 MP: 20/28
 52684 | Snake:4  | Got a serpentine rune of Zot
 53139 | Vaults:1 | Entered Level 1 of the Vaults
 53172 | Vaults:1 | Reached skill level 15 in Evocations
 54053 | Vaults:1 | Reached skill level 20 in Dodging
 54438 | Vaults:1 | Reached skill level 10 in Armour
 54779 | Vaults:1 | HP: 6/144 [crystal guardian/crystal bolt[a peacekeeper]
                  | (19)]
 54779 | Vaults:1 | Killed from afar by a crystal guardian

Illustrated notes

Levels and vault maps discovered:
D:1:      mainiacjoe_arrival_reflecting_pool, layout_basic,
          chequers_ecumenical_altar_island
D:2:      layout_loops_ring, serial_shops, nicolae_diamond_shop, shop_fountains,
          shop, nicolae_diamond_shop, shop, basic_altar,
          mrwooster_statue_mirror, minmay_fractal_squares_gapless_5
D:3:      wander_river, layout_basic, riverfiend_overflow_shadow_ancestor,
          minmay_pentomino_pile, uniq_ijyb
D:4:      layout_loops_corners, gammafunk_temple_overflow_pools,
          lemuel_coloured_pillars_altar, kennysheep_nub, uniq_sigmund
D:5:      cheibrodos_quashed, layout_rooms, minmay_temple_entry_glassed_door,
          gammafunk_ghost_hive
D:6:      layout_basic, kennysheep_mini, uniq_pikel
D:7:      layout_loops_ring, general_overflow_altar,
          nicolae_yredelemnul_ghost_church, old_standard_altar,
          kennysheep_crisscross, wad_mini_maze, uniq_duvessa,
          uniq_crazy_yiuf_cottage
D:8:      layout_rooms, grunt_temple_overflow_forces_of_nature,
          erik_lair_island, serial_co_window_serial, co_window_paths_a,
          co_window_corner_a, co_window_corner_a, co_window_corner_a,
          co_window_corner_a, co_window_broadway_a, co_window_of_opportunity_b,
          co_window_unsneaky_path_a, glass_columns_b, glass_columns_b,
          glass_columns_a, glass_columns_b, glass_columns_c
D:9:      layout_loops_ring, nicolae_overflow_crystal_walls,
          nicolae_ashenzari_skybound, orc_0_dummy, nicolae_water_bricks,
          grunt_ministairs_5, uniq_maurice, uniq_harold
D:10:     minmay_the_grid_octo_tiled_octocenter
          [minmay_the_grid_octo_fat_diamond, minmay_the_grid_octo_thin_diamonds,
          minmay_the_grid_octo_clover_2, minmay_the_grid_octo_concentric,
          minmay_the_grid_octo_prize_ultimate_mussel_roller,
          minmay_the_grid_square_5x5_detours,
          minmay_the_grid_square_5x5_tri_point,
          minmay_the_grid_square_5x5_six_small,
          minmay_the_grid_square_5x5_hollow_slash], layout_rooms,
          nicolae_wu_jian_immortal_techniques,
          pdpol_temple_overflow_zin_treasury_gozag_greed, serial_shops, shop
D:11:     layout_gridville
D:12:     minmay_glassy_protrusions, layout_basic, nicolae_trove_entry_columns,
          ploomutoo_gammafunk_ghost_potion_laboratory
D:13:     layout_basic, erik_vaults_1
D:14:     layout_big_octagon, lemuel_crystal_altar, minivault_25, uniq_kirke
D:15:     hangedman_depths_entry_try_elsewhere_first, layout_loops_corners,
          grunt_qazlal_clouds, amethyst_killhole, corexii_hall_statues_t,
          uniq_jorgrun
Lair:1:   layout_gridlike, lemuel_fruit_tree, infiniplex_staircase_pool,
          grunt_megastairs_5
Lair:2:   layout_chaotic_city, palyth_hydra_swamp_entry,
          chequers_serial_rivers_room_a, st_stairs_12,
          eino_small_chamber_without_monster
Lair:3:   nzn_winding_woodlands_three_and_one
          [nzn_winding_woodlands_5x15_sawtooth,
          nzn_winding_woodlands_5x15_lazy_stream,
          nzn_winding_woodlands_5x15_crooked,
          nzn_winding_woodlands_center_triple_pond], layout_chaotic_city,
          serial_bayou_shore_a
Lair:4:   wad_woods_minihive, layout_gridlike
Lair:5:   layout_small_grid, grunt_megastairs_1
Lair:6:   gammafunk_lair_ancient_temple, layout_hall_layers, slime_altar_2,
          chequers_serial_rivers_micro_a, minmay_hedge_maze, uniq_josephine,
          uniq_sonja
Swamp:1:  layout_basic_swamp, evilmike_swamp_ruin_house_4, swamp_pool3
Swamp:2:  layout_basic_swamp, evilmike_swamp_ruin_rubble_2, swamp_pool1
Swamp:3:  layout_basic_swamp, nicolae_swamp_some_circles, st_swamp_ruins_1
Swamp:4:  nzn_swamp_witches_coven, layout_basic_swamp, uniq_donald, uniq_mara
Snake:1:  layout_onion, serial_bayou_shore_b, minmay_shop_star, uniq_mlioglotl
Snake:2:  nrook_guardian_serpent_snake_passage, layout_gridlike,
          ebering_ghost_inner_flame, drop_trap
Snake:3:  nicolae_snake_shooting_gallery, layout_grid_shapes
Snake:4:  snake_pit_salamanders_mu, layout_cave_town,
          hangedman_snake_corridor_split
Orc:1:    layout_diamond_mine, basic_altar
Orc:2:    st_orc_congregation, layout_diamond_mine, gammafunk_ghost_arena
Vaults:1: nicolae_vaults_little_squares_6, hangedman_vaults_unwind,
          hangedman_vaults_nails, nicolae_vaults_theta,
          nicolae_vaults_twisting_passages, v_misc_28, gammafunk_its_a_trap,
          nicolae_vaults_windows_and_doors_thing, vaults_mumra_minichess,
          grunt_vaults_bifocal, v_misc_15, nicolae_vaults_specimen_jars,
          ontoclasm_vaults_decontamination, layout_vaults_omnibox

Skill      XL: |  1  2  3  4  5  6  7  8  9 10 11 12 13 14 15 16 17 18 19 |
---------------+----------------------------------------------------------+-----
Fighting       | 3 4 5 6 7 8 9 10 11 12 13 14 15 16 17 | 17.1
Polearms       | 5 6 8 10 11 12 14 | 14.0
Stealth        | 1 3 4 6 8 10 11 12 | 12.0
Throwing       | 3 4 5 6 7 9 10 | 10.0
Invocations    | 2 4 6 8 9 10 12 | 12.0
Evocations     | 3 4 5 6 7 8 9 13 14 15 | 15.0
Dodging        | 6 8 9 10 11 15 16 17 18 19 20 | 20.4
Armour         | 1 2 4 5 6 7 8 9 10 | 10.0
Shields        | 1 3 4 6 |  6.0
Spellcasting   | 2 3 |  3.0

Action                   |  1- 3 |  4- 6 |  7- 9 | 10-12 | 13-15 | 16-18 | 19-21 || total
-------------------------+-------+-------+-------+-------+-------+-------+-------++-------
Melee: Trident           |   116 |    75 |   182 |   658 |  1361 |  1684 |   258 ||  4334
       Punch             |     1 |     1 |       |     1 |       |       |       ||     3
       Tailslap          |       |       |       |       |     5 |    44 |       ||    49
Throw: Throwing net      |       |     1 |       |       |       |       |       ||     1
       Dart              |       |     1 |       |    11 |    45 |    26 |       ||    83
       Boomerang         |       |       |       |       |    13 |     5 |       ||    18
Invok: Recall Ancestor   |       |     1 |     1 |     1 |     3 |    11 |     1 ||    18
       Ancestor Identity |       |     1 |       |       |       |       |       ||     1
       Ancestor Life: He |       |       |     1 |       |       |       |       ||     1
       Idealise          |       |       |       |       |       |     8 |     1 ||     9
       Transference      |       |       |       |       |       |     1 |       ||     1
 Abil: Evoke Blink       |       |       |       |       |       |     1 |       ||     1
Evoke: Wand              |       |       |       |    19 |     7 |    19 |       ||    45
       Condenser vane    |       |       |       |       |     3 |     5 |       ||     8
       Lightning rod     |       |       |       |       |     4 |     3 |       ||     7
       Box of beasts     |       |       |       |       |       |     3 |       ||     3
       Phial of floods   |       |       |       |       |       |     2 |       ||     2
       Phantom mirror    |       |       |       |       |       |     1 |       ||     1
       Tin of tremorston |       |       |       |       |       |     1 |       ||     1
  Use: Scroll            |     3 |     6 |     7 |    13 |     6 |     7 |     2 ||    44
       Potion            |       |       |       |     3 |     3 |     8 |     1 ||    15
 Stab: Distracted        |       |       |     4 |    16 |    23 |    33 |     1 ||    77
       Confused          |       |       |     1 |    13 |    31 |    23 |    10 ||    78
       Sleeping          |       |       |     1 |       |     9 |    27 |     4 ||    41
       Paralysed         |       |       |       |       |    40 |    56 |    24 ||   120
Armor: Ring mail         |    22 |       |       |       |       |       |       ||    22
       Scale mail        |    16 |    19 |    48 |       |       |       |       ||    83
       Chain mail        |       |       |       |   133 |   281 |   373 |    33 ||   820
Dodge: Dodged            |    68 |    36 |    40 |   159 |   414 |   510 |    59 ||  1286
Block: Buckler           |       |       |       |    69 |   207 |   252 |    16 ||   544

Table legend: (Time is in decaauts)
 A = Elapsed time spent in this place.
 B = Non-inter-level travel time spent in this place.
 C = Inter-level travel time spent in this place.
 D = Time resting spent in this place.
 E = Time spent auto-exploring this place.
 F = Levels seen in this place.
 G = Mean time per level.
                   A        B        C        D        E       F      G
               +--------+--------+--------+--------+--------+-----+--------+
         Total |  52701 |  47635 |   5066 |  16017 |  23128 |  33 | 1597.0 |
       Dungeon |  20867 |  18401 |   2466 |   3503 |  12563 |  15 | 1391.1 |
          Lair |   9496 |   8272 |   1224 |   1828 |   4897 |   6 | 1582.7 |
         Swamp |   5840 |   5406 |    434 |   2569 |   1665 |   4 | 1460.0 |
     Snake Pit |  12282 |  11567 |    715 |   6802 |   2500 |   4 | 3070.5 |
  Orcish Mines |   2614 |   2467 |    147 |    701 |   1104 |   2 | 1307.0 |
        Vaults |   1547 |   1470 |     77 |    612 |    396 |   1 | 1547.0 |
         Trove |     52 |     52 |      0 |      0 |      2 |   1 |   52.0 |
               +--------+--------+--------+--------+--------+-----+--------+

Top non-repeatable levels by time:
 Snake:1: 4142 daAuts
 Snake:4: 3262 daAuts
 Snake:3: 2953 daAuts
    D:10: 2467 daAuts
 Swamp:4: 2146 daAuts
  Lair:3: 2093 daAuts
     D:7: 1996 daAuts
 Snake:2: 1925 daAuts
  Lair:6: 1800 daAuts
     D:3: 1703 daAuts
 Swamp:2: 1698 daAuts
   Orc:2: 1636 daAuts
    D:15: 1631 daAuts
Vaults:1: 1547 daAuts
     D:8: 1533 daAuts
